Workbook
Name \b: [1]INSUMOS!#REF!
Name \b: [1]INSUMOS!#REF!
Name \b: [1]INSUMOS!#REF!
Name \b: [1]INSUMOS!#REF!
Name \b: [1]INSUMOS!#REF!
Name \i: [1]INSUMOS!#REF!
Name \i: [1]INSUMOS!#REF!
Name \i: [1]INSUMOS!#REF!
Name \i: [1]INSUMOS!#REF!
Name \i: [1]INSUMOS!#REF!
Name \m: [1]INSUMOS!#REF!
Name \m: [1]INSUMOS!#REF!
Name \m: [1]INSUMOS!#REF!
Name \m: [1]INSUMOS!#REF!
Name \m: [1]INSUMOS!#REF!
Name \r: [1]INSUMOS!#REF!
Name \r: [1]INSUMOS!#REF!
Name \r: [1]INSUMOS!#REF!
Name \r: [1]INSUMOS!#REF!
Name \r: [1]INSUMOS!#REF!
Name \t: [1]INSUMOS!#REF!
Name \t: [1]INSUMOS!#REF!
Name \t: [1]INSUMOS!#REF!
Name \t: [1]INSUMOS!#REF!
Name \t: [1]INSUMOS!#REF!
Name \x: [1]INSUMOS!#REF!
Name \x: [1]INSUMOS!#REF!
Name \x: [1]INSUMOS!#REF!
Name \x: [1]INSUMOS!#REF!
Name \x: [1]INSUMOS!#REF!
Name a: [2]Planilla!$C$58
Name activos: #REF!
Name activos: #REF!
Name activos: #REF!
Name activos: #REF!
Name ADD: [1]INSUMOS!#REF!
Name adja: #REF!,#REF!,#REF!
Name AGUAS99: #REF!
Name AGUAS99: #REF!
Name AGUAS99: #REF!
Name AGUAS99: #REF!
Name ahdaejdi: #REF!,#REF!,#REF!
Name AHER: [3]HER!$A:$C
Name AIU_: [1]INSUMOS!#REF!
Name AL: #REF!
Name alsdjwij: [1]INSUMOS!#REF!
Name AMAT: [3]MAT!$A:$C
Name aouajiej: #REF!
Name ap: [2]Planilla!$D$58
Name APER: [3]PER!$A:$C
Name ASD: [1]INSUMOS!#REF!
Name asdjjhiw: [1]INSUMOS!#REF!
Name asdjljñer: #REF!
Name asdkdjhasl: [1]INSUMOS!#REF!
Name asdweiuyq: [1]INSUMOS!#REF!
Name asdwiui: #REF!,#REF!,#REF!,#REF!,#REF!,#REF!
Name asfew: [1]INSUMOS!#REF!
Name asfjklajsf: [1]INSUMOS!#REF!
Name asjdklasjda: [1]INSUMOS!#REF!
Name asldiwdñ: #REF!

Sheet presupuesto PMT
B2: No. | C2: ITEM | D2: ESPECIFICACIONES | F2: ACTIVIDADES | G2: UNIDAD | H2: CANTIDAD | I2: VALOR UNITARIO | J2: VALOR TOTAL
D3: GENERAL | E3: PARTICULAR
B4: 1 | C4: 710.1 | D4: INV E 710-13 | F4: SEÑAL DE TRÁNSITO SIO-02 "INICIO DE OBRA" | G4: UN | H4: 2 | I4: {=#REF!} -> #REF! | J4: =+H4*I4 -> #REF!
B5: 2 | C5: 710.1 | D5: INV E 710-13 | F5: SEÑAL DE TRÁNSITO SIO-03 "FIN DE OBRA" | G5: UN | H5: 4 | I5: #REF! | J5: =+H5*I5 -> #REF!
B6: 3 | C6: 710.1 | D6: INV E 710-13 | F6: SEÑAL DE TRÁNSITO SPO-03 "AUXILIAR DE TRÁNSITO" | G6: UN | H6: 2 | I6: #REF! | J6: =+H6*I6 -> #REF!
B7: 4 | C7: 710.1 | D7: INV E 710-13 | F7: SEÑAL DE TRÁNSITO SIO-01 "OBRA EN LA VÍA" | G7: UN | H7: 2 | I7: #REF! | J7: =+H7*I7 -> #REF!
B8: 5 | C8: 710.1 | D8: INV E 710-13 | F8: SEÑAL DE TRÁNSITO SPO-01 "TRABAJOS EN LA VÍA" | G8: UN | H8: 4 | I8: #REF! | J8: =+H8*I8 -> #REF!
B9: 6 | C9: 710.1 | D9: INV E 710-13 | F9: SEÑAL DE TRÁNSITO SIO-04 "CARRIL CERRADO" | G9: UN | H9: 2 | I9: #REF! | J9: =+H9*I9 -> #REF!
B10: 7 | C10: 710.1 | D10: INV E 710-13 | F10: SEÑAL DE TRÁNSITO SPO-02 "MAQUINARIA EN LA VÍA" | G10: UN | H10: 2 | I10: #REF! | J10: =+H10*I10 -> #REF!
B11: 8 | C11: 710.1 | D11: INV E 710-13 | F11: DELINIEADORES TUBULARES | G11: UN | H11: 2 | I11: #REF! | J11: =+H11*I11 -> #REF!
B12: 9 | C12: 710.1 | D12: INV E 710-13 | F12: SEÑAL DE TRÁNSITO SR-30 "VELOCIDAD MÁXIMA" | G12: UN | H12: 2 | I12: #REF! | J12: =+H12*I12 -> #REF!
B13: 10 | C13: 710.1 | D13: INV E 710-13 | F13: SEÑAL DE TRANSITO SP-30 "REDUCCION ASCIMETRICA DE VIA" | G13: UN | H13: 1 | I13: =+#REF! -> #REF! | J13: =+H13*I13 -> #REF!
B14: 11 | C14: 710.1 | D14: INV E 710-13 | F14: SEÑALE DE TRANSITO SP-31 "REDUCCION ASCIMETRICA DE VIA" | G14: UN | H14: 1 | I14: =+#REF! -> #REF! | J14: =+H14*I14 -> #REF!
B15: 12 | C15: 710.1 | D15: INV E 710-13 | F15: SEÑAL DE TRANSITO SP-33 "CEDA EL PASO" | G15: UN | H15: 1 | I15: =+#REF! -> #REF! | J15: =+H15*I15 -> #REF!
B16: 13 | C16: 710.1 | D16: INV E 710-13 | F16: SEÑAL DE TRANSITO SP-09 "CURVA Y CONTRACURVA PRONUNCIADAS" | G16: UN | H16: 1 | I16: =+#REF! -> #REF! | J16: =+H16*I16 -> #REF!
B17: 14 | F17: AUXILIAR DE TRÁNSITO | G17: UN | H17: 2 | I17: =+#REF! -> #REF! | J17: =+H17*I17*4 -> #REF!
B18: SUBTOTAL PLAN MANEJO DE TRANSITO | J18: =SUM(J4:J17) -> #REF!

Sheet PRESUP. OFICIAL POZO
F2: POLICIA NACIONAL ESCUELA CARABINERO COROZAL SUCRE - DEPARTAMENTO DE SUCRE
B6: CONSTRUCCIÓN E IMPLEMENTACIÓN DE UN POZO PROFUNDO PARA LA EXTRACCIÓN DE AGUAS SUBTERRÁNEAS EN LA ESCUELA DE POLICÍA RAFAEL NÚÑEZ (ESRAN), ASÍ COMO LA GESTIÓN Y EXPEDICIÓN DE LAS LICENCIAS Y PERMISOS REQUERIDOS PARA SU FUNCIONAMIENTO
B9: PRESUPUESTO DE ITEMS, CANTIDADES Y PRECIO
B10: No | C10: ITEM DE PAGO | D10: ESPECIFICACIONES | F10: DESCRIPCIÓN | G10: UNID | H10: CANTIDAD | I10: VALOR UNITARIO | J10: VALOR TOTAL | K10: VALOR UNITARIO PROPONENTE | L10: VALOR TOTAL PROPONENTE
D11: GENERAL 2017 | E11: PARTICULAR
B14: I - PERFORACION DEL POZO
B15: C1-1 | E15: E-1 | F15: LOCALIZACIÓN, TRAZADO Y REPLANTEO | G15: M2 | H15: 900 | I15: 3718.2673 | J15: 3346440.6 | K15: $
B16: C1-2 | E16: E-2 | F16: TRANSPORTE DE LA MAQUINARIA DE PERFORACIÓN Y TODOS LOS EQUIPOS AUXILIARES REQUERIDOS AL LUGAR DE LA OBRA Y UNA VEZ TERMINADOS LOS TRABAJOS, DESMONTE DE TODOS LOS EQUIPOS Y TRANSPORTE DE REGRESO AL PUNTO DE SALIDA INICIAL | G16: GLOBAL | H16: 1 | I16: 54684600 | J16: 54684600 | K16: $ | L16: $
B17: C1-3 | E17: E-3 | F17: ADECUACIÓN DEL SITIO DE TRABAJO Y CONSTRUCCIÓN DE PISCINAS DE LODOS Y RECORRIDOS | G17: UNIDAD | H17: 1 | I17: 3500200 | J17: 3500200 | K17: $ | L17: $
B18: C1-4 | E18: E-4 | F18: PERFORACION EN 8" | G18: ML | H18: 200.5 | I18: 351833.33 | J18: 70542583 | K18: $ | L18: $
B19: C1-5 | E19: E-5 | F19: REPERFORACION EN 14" | G19: ML | H19: 210 | I19: 418833.33 | J19: 87955000 | K19: $ | L19: $
B20: C1-6 | E20: E-6 | F20: PERFORACION EN 6" | G20: ML | H20: 187.5 | I20: 309861.11 | J20: 58098958 | K20: $ | L20: $
B21: C1-7 | E21: E-7 | F21: REPERFORACION EN 12" | G21: ML | H21: 178 | I21: 374791.67 | J21: 66712917 | K21: $ | L21: $
B22: C1-8 | E22: E-8 | F22: SUMINISTRO E INSTALACION Filtros Acero Inoxidable, Filtros Acero Inoxidable, Ranura continua, slot en V, No. 30 anillos para soldar, 8", 200 m. | G22: ML | H22: 21 | I22: 769583.33 | J22: 16161250 | K22: $ | L22: $
B23: C1-9 | E23: E-9 | F23: SUMINISTRO E INSTALACION Filtros Acero Inoxidable, Ranura cantinua, slot en V, No. 40, anillos para soldar, 6", 180 m | G23: ML | H23: 78 | I23: 579722.22 | J23: 45218333 | K23: $ | L23: $
B24: C1-10 | E24: E-10 | F24: SUMINISTRO E INSTALACION TUBERIA EN ACERO EL CARBON D=6 | G24: ML | H24: 187.5 | I24: 539722.22 | J24: 1.0119792e+08 | K24: $ | L24: $
B25: C1-11 | E25: E-11 | F25: SUMINISTRO E INSTALACION TUBERIA EN ACERO EL CARBON D=8 | G25: ML | H25: 200.5 | I25: 639722.22 | J25: 1.2826431e+08 | K25: $ | L25: $
B26: C1-12 | E26: E-12 | F26: SUMINISTRO Y APLIQUE GRAVILLA SELECCIONADA, LAVADA Y LIBRE DE CALCAREOS | G26: ML | H26: 388 | I26: 149222.22 | J26: 57898222 | K26: $ | L26: $
B27: C1-13 | E27: E-13 | F27: LIMPIEZA Y LAVADO POZO | G27: ML | H27: 388 | I27: 107664.91 | J27: 41773987 | K27: $ | L27: $
... B32: C1-18 | E32: E-18 | F32: TOMA E INTERPRETACIÓN DE REGISTROS FÍSICOS DE POZO (SP, GAMMA NATURAL, RESISTIVIDAD), CON EQUIPO DE GRAFICACIÓN CONTINUA. INFORME PRELIMINAR DE PERFORACIÓN, ANÁLISIS DEL REGISTRO ELÉCTRICO, DISEÑO TÉCNICO DEL POZO PARA PRESENTAR A CVS | G32: GLOBAL | H32: 1 | I32: 38850000 | J32: 38850000 | K32: $ | L32: $
B33: SUBTOTAL POZO | J33: 8.0592512e+08 | K33: $ | L33: $
B34: II - CONSTRUCCION DE CASETA DE CONTROL DEL POZO
B35: C2-1 | E35: E-19 | F35: LOCALIZACIÓN, TRAZADO Y REPLANTEO | G35: M2 | H35: 56 | I35: 3718.2673 | J35: 208222.97 | K35: $ | L35: $
B36: C2-2 | E36: E-20 | F36: EXCAVACIÓN MANUAL | G36: M3 | H36: 3.6605 | I36: 36851.623 | J36: 134895.37 | K36: $ | L36: $
B37: C2-3 | E37: E-21 | F37: CONCRETO CICLOPEO PAR CIMIENTOS | G37: M3 | H37: 0.648 | I37: 660515.33 | J37: 428013.94 | K37: $ | L37: $
B38: C2-4 | E38: E-22 | F38: CONCRETO PARA VIGA DE CONFINAMIENTO DE 3000 PSI | G38: M3 | H38: 1.8125 | I38: 881412.88 | J38: 1597560.9 | K38: $ | L38: $
B39: C2-5 | E39: E-23 | F39: CONCRETO PARA VIGA DE AMARRE | G39: M3 | H39: 0.75 | I39: 904904.97 | J39: 678678.73 | K39: $ | L39: $
B40: C2-6 | E40: E-24 | F40: SUMINISTRO E INSTALACION DE TUBERIA Ø3” GALVANIZADA | G40: ML | H40: 36 | I40: 70510.917 | J40: 2538393 | K40: $ | L40: $
B41: C2-7 | E41: E-25 | F41: SUMINISTRO E INSTALACION DE MALLA ESLABONADA CAL. 10 EXTERNO INCLUYE ANGULOS ANGULO 1 1/2" X 3/16" Y ANGULO DE 1"X3/16", SOLDADURA Y DEMAS EQUIPOS PARA UNA CORRECTA COLOCACION | G41: M2 | H41: 87 | I41: 218704.58 | J41: 19027299 | K41: $ | L41: $
B42: C2-8 | E42: E-26 | F42: CONCRETO PARA COLUMNETAS 0,15 X 0,25 | G42: M3 | H42: 1.5 | I42: 951889.13 | J42: 1427833.7 | K42: $ | L42: $
B43: C2-9 | E43: E-27 | F43: PISO EN CONCRETO E= 0,10 | G43: M2 | H43: 13.5 | I43: 107030.13 | J43: 1444906.8 | K43: $ | L43: $
B44: C2-10 | E44: E-28 | F44: SUMINISTRO E INSTALACIÓN DE PUERTA EN LÁMINA COLD ROLLED CAL.16 | G44: UNIDAD | H44: 1 | I44: 1236087.3 | J44: 1236087.3 | K44: $ | L44: $
B45: C2-11 | E45: E-29 | F45: SUMINISTRO E INSTALACIÓN DE VENTANA METALICA FIJA INCLUYE VIDRIO DE 4 MM | G45: UNIDAD | H45: 1 | I45: 690218.33 | J45: 690218.33 | K45: $ | L45: $
B46: C2-12 | E46: E-30 | F46: MURO A LA VISTA BLOQUE N°5 EN LOS CASOS QUE SE REQUIERA | G46: M2 | H46: 25 | I46: 67484.771 | J46: 1687119.3 | K46: $ | L46: $
... B48: C2-14 | E48: E-32 | F48: ACERO DE REFUERZO 60000 PSI | G48: KG | H48: 3500 | I48: 12572.833 | J48: 44004917 | K48: $ | L48: $
B49: SUBTOTAL CASETA | J49: 77152120 | K49: $ | L49: $
B50: III -TANQUE ELEVADO
B51: C3-1 | E51: E-33 | F51: LOCALIZACIÓN, TRAZADO Y REPLANTEO | G51: M2 | H51: 144 | I51: 3718.2673 | J51: 535430.5 | K51: $ | L51: $
B52: C3-2 | E52: E-34 | F52: EXCAVACIÓN MANUAL | G52: M3 | H52: 30 | I52: 30843.875 | J52: 925316.24 | K52: $ | L52: $
B53: C3-3 | E53: E-35 | F53: CONCRETO PARA VIGA DE CONFINAMIENTO DE 3000 PSI | G53: M3 | H53: 11.01 | I53: 881412.88 | J53: 9704355.8 | K53: $ | L53: $
B54: C3-4 | E54: E-36 | F54: ACERO DE REFUERZO 60000 PSI | G54: KG | H54: 5719.381 | I54: 12572.833 | J54: 71908824 | K54: $ | L54: $
B55: C3-5 | E55: E-37 | F55: CONCRETO PARA COLUMNETAS 0,15 X 0,25 | G55: M3 | H55: 6.72 | I55: 951889.13 | J55: 6396695 | K55: $ | L55: $
B56: C3-6 | E56: E-38 | F56: CONCRETO PARA VIGA DE AMARRE | G56: M3 | H56: 5.04 | I56: 1261794.1 | J56: 6359442.4 | K56: $ | L56: $
B57: C3-7 | E57: E-39 | F57: MUROS EN CONCRETO DE 21 MPA, E=15 CM | G57: M3 | H57: 4.77 | I57: 726339.13 | J57: 3464637.7 | K57: $ | L57: $
B58: C3-8 | E58: E-40 | F58: LOSA EN CONCRETO DE 21 MPA, E=0.25M | G58: M3 | H58: 2.7 | I58: 209658.67 | J58: 566078.4 | K58: $ | L58: $
B59: C3-9 | E59: E-41 | F59: SUMINISTRO E INSTALACION DE TUBERIA PVC-P 2" | G59: UNIDAD | H59: 1 | I59: 41138.806 | J59: 41138.806 | K59: $ | L59: $
B60: C3-10 | E60: E-42 | F60: ESCALERA MARINA METÁLICA PARA TANQUE ELEVADO | G60: UNIDAD | H60: 1 | I60: 5200000 | J60: 5200000 | K60: $ | L60: $
B61: C3-11 | E61: E-43 | F61: BARANDA PERIMETRAL SUPERIOR PARA TANQUE | G61: ML | H61: 12 | I61: 278000 | J61: 3336000 | K61: $ | L61: $
B62: C3-12 | E62: E-44 | F62: IMPERMEABILIZACIÓN INTERNA DEL TANQUE | G62: M2 | H62: 41 | I62: 63256.33 | J62: 2593509.5 | K62: $ | L62: $
B63: C3-13 | E63: E-45 | F63: PRUEBA HIDROSTÁTICA Y ESTANQUEIDAD DEL TANQUE | G63: UNIDAD | H63: 1 | I63: 1251000 | J63: 1251000 | K63: $ | L63: $
B64: SUBTOTAL ALBERCA | J64: 1.1228243e+08 | K64: $ | L64: $
B65: IV - RED DE ADUCCION Y DISTRIBUCCION
B66: C4-1 | E66: E-46 | F66: REPLANTEO Y LOCALIZACION DE TUBERÍAS DE ACUEDUCTO | G66: ML | H66: 292 | I66: 8860.3355 | J66: 2587218 | K66: $ | L66: $
B67: C4-2 | E67: E-47 | F67: EXCAVACION MANUAL EN CONGLOMERADO ENTRE 1 A 2 M. (ZANJAS ANGOSTAS) | G67: M3 | H67: 142.5 | I67: 90218.333 | J67: 12856112 | K67: $ | L67: $
B68: C4-3 | E68: E-48 | F68: RELLENO EN ARENA LAVADA APISONADA PARA ATRAQUE DE LA TUBERIA CON TRANSPORTE | G68: M3 | H68: 42.75 | I68: 100036.39 | J68: 4276555.6 | K68: $ | L68: $
B69: C4-4 | E69: E-49 | F69: RELLENO EN MATERIAL SELECCIONADO DE LA EXCAVACION COMPACTADO | G69: M3 | H69: 99.75 | I69: 92872.778 | J69: 9264059.6 | K69: $ | L69: $
B70: C4-5 | E70: E-50 | F70: CARGUE MANUAL Y RETIRO DE MATERIAL HASTA 6 KM | G70: M3 | H70: 42.75 | I70: 88009.167 | J70: 3762391.9 | K70: $ | L70: $
B71: C4-6 | E71: E-51 | F71: TUBERIA UNION MECANICA RDE 21 3". SUMINISTRO E INSTAL. RED DE ADUCCIÓN | G71: ML | H71: 251 | I71: 53522.778 | J71: 13434217 | K71: $ | L71: $
B72: C4-7 | E72: E-52 | F72: TUBERIA UNION MECANICA RDE 21 3". SUMINISTRO E INSTAL. RED DE CONDUCCIÓN | G72: ML | H72: 53 | I72: 53522.778 | J72: 2836707.2 | K72: $ | L72: $
B73: C4-8 | E73: E-53 | F73: TUBERIA UNION MECANICA RDE 21 4". SUMINISTRO E INSTAL. | G73: ML | H73: 10 | I73: 54622.778 | J73: 546227.78 | K73: $ | L73: $
B74: C4-9 | E74: E-54 | F74: TEE HF 3"*3"*3" E.L X E.B SUMINISTRO E INSTALA. | G74: UNIDAD | H74: 3 | I74: 55722.778 | J74: 167168.33 | K74: $ | L74: $
B75: C4-10 | E75: E-55 | F75: TEE HF 4"*4"*4" E.L X E.B SUMINISTRO E INSTALA. | G75: UNIDAD | H75: 3 | I75: 56822.778 | J75: 170468.33 | K75: $ | L75: $
B76: C4-11 | E76: E-56 | F76: CODO GRAN RADIO 90 GRADOS U.M 3" SUMINISTRO E INSTALA. | G76: UNIDAD | H76: 5 | I76: 212317.56 | J76: 1061587.8 | K76: $ | L76: $
B77: C4-12 | E77: E-57 | F77: CODO GRAN RADIO 90 GRADOS U.M 4" SUMINISTRO E INSTALA. | G77: UNIDAD | H77: 5 | I77: 300845.56 | J77: 1504227.8 | K77: $ | L77: $
... B83: C4-18 | E83: E-63 | F83: CAJA DE INSPECCION 80 X 80 CON TAPA VALVULA. SUMINISTRO E INSTALACIÓN | G83: UNIDAD | H83: 7 | I83: 1119422.8 | J83: 7835959.4 | K83: $ | L83: $
B84: SUBTOTAL REDES HIDRAULICAS | J84: 73542452 | K84: $ | L84: $
B85: V -MECANISMOS DE BOMBEO
B86: C5-3 | E86: E-64 | F86: SUMINISTRO E INSTALACIÓN DE CABLE ENCAUCHETADO TIPO SUMERGIBLE, CALIBRE 3×8 AWG, MARCA CENTELSA O EQUIVALENTE QUE CUMPLA NORMA RETIE, PARA ALIMENTACIÓN DE LA ELECTROBOMBA. | G86: ML | H86: 120 | I86: 59996.47 | J86: 7199576.4 | K86: $ | L86: $
B87: C5-4 | E87: E-65 | F87: SUMINISTRO E INSTALACION CABLE FORRADO NO. 8, CENTELSA U OTRO PARA ATERRIZAR EL EQUIPO | G87: ML | H87: 120 | I87: 20998.23 | J87: 2519787.6 | K87: $ | L87: $
B88: C5-5 | E88: E-66 | F88: SUMINISTRO E INSTALACION CABLE ENCAUCHETADO NO. 2X18, CENTELSA U OTRO PARA LA SONDA | G88: ML | H88: 120 | I88: 6399.29 | J88: 767914.8 | K88: $ | L88: $
B89: SUBTOTAL MECANISMOS DE BOMBEO | J89: 10487279 | L89: $
B90: VI -RED DE MEDIA TENSION
B91: C6-1 | E91: E-67 | F91: REPLANTEO EN MEDIA TENSION | G91: ML | H91: 110 | I91: 8860.3355 | J91: 974636.9 | K91: $ | L91: $
B92: C6-2 | E92: E-68 | F92: APERTURA HUECO PARA POSTE O TEMPLETE EN M.T. | G92: UNIDAD | H92: 4 | I92: 129561.67 | J92: 518246.67 | K92: $ | L92: $
B93: C6-3 | E93: E-69 | F93: POSTE DE CONCRETO 12 M X 1.050 KGF, SUMINISTRO, TRANSPORTE,ARRIMADA, HINCADA Y PLOMADA. | G93: UNIDAD | H93: 3 | I93: 2366490 | J93: 7099470 | K93: $ | L93: $
B94: C6-4 | E94: E-70 | F94: POSTE DE CONCRETO 12 M X 510 KGF, SUMINISTRO, TRANSPORTE,ARRIMADA, HINCADA Y PLOMADA. | G94: UNIDAD | H94: 1 | I94: 1866490 | J94: 1866490 | K94: $ | L94: $
B95: C6-5 | E95: E-71 | F95: CIMENTACIÓN PARA POSTE DE 10/12 M. | G95: UNIDAD | H95: 4 | I95: 197502.56 | J95: 790010.24 | K95: $ | L95: $
B96: C6-6 | E96: E-72 | F96: ESTRUCTURA 730 DERIVACIÓN TRIFÁSICA CON CORTACIRCUITO,CON CRUCETA METÁLICA DOBLE DE 2 METROS,AISLADOR DE SUSPENSIÓN SINTETICO-POLIMERICO PARA 15 KV,SUMINISTRO,TRANSPORTE Y MONTAJE | G96: UNIDAD | H96: 1 | I96: 1701135 | J96: 1701135 | K96: $ | L96: $
B97: C6-7 | E97: E-73 | F97: SUMINISTRO E INSTALACIÓN DE ARMADO DE MEDIA TENSIÓN 13,2 KV FIN DE LINEA TRIFÁSICO HORIZONTAL MT 331. INCLUYE HERRAJERÍA, AISLADORES, CRUCETAS Y DEMÁS ACCESORIOS PARA SU MONTAJE. | G97: UNIDAD | H97: 1 | I97: 830000 | J97: 830000 | K97: $ | L97: $
B98: C6-8 | E98: E-74 | F98: SUMINISTRO E INSTALACIÓN DE ARMADO DE MEDIA TENSIÓN 13,2 KV ALINEACIÓN TRIFÁSICO HORIZONTAL MT 332. INCLUYE HERRAJERÍA, AISLADORES, CRUCETAS Y DEMÁS ACCESORIOS PARA SU MONTAJE. | G98: UNIDAD | H98: 1 | I98: 830000 | J98: 830000 | K98: $ | L98: $
B99: C6-9 | E99: E-75 | F99: SUMINISTRO E INSTALACIÓN DE ARMADO DE MEDIA TENSIÓN 13,2 KV ALINEACIÓN TRIFÁSICO HORIZONTAL MT 332. INCLUYE HERRAJERÍA, AISLADORES, CRUCETAS Y DEMÁS ACCESORIOS PARA SU MONTAJE. | G99: UNIDAD | H99: 1 | I99: 830000 | J99: 830000 | K99: $ | L99: $
B100: C6-10 | E100: E-76 | F100: SUMINISTRO E INSTALACIÓN DE KIT PUESTA A TIERRA STAVOL EN ACERO AUSTENÍTICO HASTA 11 MT O TR. CON VARILLA Y DEMAS ACCESORIOS PARA SU FIJACIÓN Y CONEXIONADO. | G100: UNIDAD | H100: 1 | I100: 450000 | J100: 450000 | K100: $ | L100: $
B101: C6-11 | E101: E-77 | F101: SUMINISTRO E INSTALACIÓN DE RETENIDA PARA POSTE DE HORMIGON 12MT DIRECTA A TIERRA TIPO RT 003 AFINIA. INCLUYE ANCLA DE HORMIGON, VARILLA, CABLE ACERO Y DEMAS ACCESORIOS PARA SU FIJACIÓN. | G101: UNIDAD | H101: 1 | I101: 3500000 | J101: 3500000 | K101: $ | L101: $
B102: C6-12 | E102: E-78 | F102: DESCARGADORES DE SOBRE TENSIÓN (JGO/3) 15 KV CAMBIO RED COMPACTA ABIERTA. SUMINISTRO E INSTALACIÓN | G102: UNIDAD | H102: 1 | I102: 756578.33 | J102: 756578.33 | K102: $ | L102: $
... B116: C6-26 | E116: E-92 | F116: PUESTA A TIERRA PARA DESCARGADORES DE SOBRE TENSIÓN,CON VARILLAS DE COBRE DE 5/8" X 2,4 METROS.INCLUYE:CABLE DE COBRE DESNUDO AWG N° 2,TUBO METÁLICO GALVANIZADO IMC DE 1/2",CINTA BANDIT,HEBILLA CINTA BANDIT.SUMINISTRO E INSTALACIÓN. | G116: UNIDAD | H116: 1 | I116: 1475950 | J116: 1475950 | K116: $ | L116: $
B117: SUBTOTAL RED DE MEDIA TENSION | J117: 64111707 | K117: $ | L117: $
B118: VII-RED DE BAJA TENSION
B119: C7-1 | E119: E-93 | F119: BAJANTE ZUNCHADA A POSTE CONFORMADA POR: TUBO GALVANIZADO 3", UNIONES GALVANIZADAS, BOQUILLA, CURVA GALVANIZADA, HEBILLAS Y CINTA BANDIT. SUMINISTRO E INSTALACIÓN. | G119: UNIDAD | H119: 1 | I119: 1410242.8 | J119: 1410242.8 | K119: $ | L119: $
B120: C7-2 | E120: E-94 | F120: CAJA DE INSPECCIÓN CS - 274 | G120: UNIDAD | H120: 2 | I120: 1075375.1 | J120: 2150750.2 | K120: $ | L120: $
B121: C7-3 | E121: E-95 | F121: SUMINISTRO Y CONSTRUCCIÓN DE CAJA DE INSPECCIÓN 60X60X80 CM TIPO SB 325 FUNDIDA EN CONCRETO 3000 PSI. INCLUYE MARCO METÁLICO, CONCRETO Y EXCAVACIÓN. | G121: UNIDAD | H121: 1 | I121: 682972.71 | J121: 682972.71 | K121: $ | L121: $
B122: C7-4 | E122: E-96 | F122: SUMINISTRO Y CONSTRUCCIÓN DE CAJA DE INSPECCIÓN 40X40X80 CM TIPO AP FUNDIDA EN CONCRETO 3000 PSI. INCLUYE MARCO METÁLICO, CONCRETO Y EXCAVACIÓN. | G122: UNIDAD | H122: 1 | I122: 431827.29 | J122: 431827.29 | K122: $ | L122: $
B123: C7-5 | E123: E-97 | F123: RELLENO PARA ESTRUCTURAS EN MATERIAL SELECCIONADO DE LA EXCAVACION COMPACTADO | G123: M3 | H123: 5.77 | I123: 52343.33 | J123: 302021.01 | K123: $ | L123: $
B124: C7-6 | E124: E-98 | F124: CANALIZACIÓN CONDUIT PVC DB TIPO PESADO 2 X 3", ZONA BLANDA. INCLUYE CINTA DE PREVISIÓN Y ARENA LAVADA DE RIO. | G124: ML | H124: 18.04 | I124: 77586.37 | J124: 1399658.1 | K124: $ | L124: $
B125: C7-7 | E125: E-99 | F125: CANALIZACIÓN CONDUIT PVC DB TIPO PESADO 4x3", ZONA BLANDA. INCLUYE CINTA DE PREVISIÓN Y ARENA LAVADA DE RIO. | G125: ML | H125: 18.04 | I125: 150000 | J125: 2706000 | K125: $ | L125: $
B126: C7-8 | E126: E-100 | F126: CANALIZACIÓN CONDUIT PVC DB TIPO PESADO 2x1 1/2", ZONA BLANDA. INCLUYE CINTA DE PREVISIÓN Y ARENA LAVADA DE RIO. | G126: ML | H126: 18.04 | I126: 150000 | J126: 2706000 | K126: $ | L126: $
B127: C7-9 | E127: E-101 | F127: SUMINISTRO E INSTALACIÓN DE CANALIZACIÓN EN TUBERIA CONDUIT 3" EMT. INCLUYE ACCESORIOS DE MONTAJE Y FIJACIÓN. | G127: ML | H127: 18.04 | I127: 110000 | J127: 1984400 | K127: $ | L127: $
B128: C7-10 | E128: E-102 | F128: SUMINISTRO E INSTALACIÓN DE CANALIZACIÓN EN TUBERIA CONDUIT 2" EMT. INCLUYE ACCESORIOS DE MONTAJE Y FIJACIÓN. | G128: ML | H128: 18.04 | I128: 90000 | J128: 1623600 | K128: $ | L128: $
B129: C7-11 | E129: E-103 | F129: SUMINISTRO E INSTALACIÓN DE CANALIZACIÓN EN TUBERIA CONDUIT 1" EMT. INCLUYE ACCESORIOS DE MONTAJE Y FIJACIÓN. | G129: ML | H129: 18.04 | I129: 80000 | J129: 1443200 | K129: $ | L129: $
B130: C7-12 | E130: E-104 | F130: CANALIZACIÓN CONDUIT PVC DB TIPO PESADO 1", ZONA BLANDA. INCLUYE CINTA DE PREVISIÓN Y ARENA LAVADA DE RIO. | G130: ML | H130: 6.23 | I130: 25811 | J130: 160802.53 | K130: $ | L130: $
... B137: C7-19 | E137: E-111 | F137: ACOMETIDA SUBTERRANEA EN CABLE DE COBRE AISLADO 4( N° 4/0) + 1 X 2T AWG THHN/THWN-2 600V. 90°C. SUMINISTRO E INSTALACIÓN. | G137: ML | H137: 108.23 | I137: 469081.05 | J137: 50768642 | K137: $ | L137: $
...

Sheet 610.2
A1: ANÁLISIS DE PRECIOS UNITARIOS | D1: =#REF! -> #REF!
A5: CARRETERA : | E5: ITEM | F5: 610.2 | G5: ESPECIFICACIÓN: | H5: 610-13
A6: ITEM: | B6: RELLENOS PARA ESTRUCTURAS CON RECEBO. | G6: UNIDAD : | H6: m3
A8: I. EQUIPO
A9: Descripción | D9: Tipo | E9: Tarifa/Hora | F9: Rendimiento | G9: Valor-Unit.
A10: Compactador manual (SALTARIN) Peso de operación (Kg.) 52, Fuerza de impacto por golpe (KN) 12. | E10: =#REF! -> #REF! | F10: 2.5 | G10: =+E10/F10 -> #REF!
A11: Herramienta menor (5%MO) | G11: =+H39*5% -> 54.131
G15: Sub-Total | H15: =SUM(G10:G14) -> #REF!
A16: II. MATERIALES EN OBRA
A17: Descripción | D17: Unidad | E17: Precio-Unit. | F17: Cantidad | G17: Valor-Unit.
A18: Material de Recebo para relleno | D18: m3 | E18: =#REF! -> #REF! | F18: 1.3 | G18: =+E18*F18 -> #REF!
A19: Agua | D19: lt | E19: =#REF! -> #REF! | F19: 30 | G19: =+E19*F19 -> #REF!
G23: Sub-Total | H23: =SUM(G18:G22) -> #REF!
A24: III. TRANSPORTES
A25: Material | C25: Vol-peso ó Cant. | D25: Distancia | E25: M3-Km | F25: Tarifa | G25: Valor-Unit.
A26: Material de Recebo para relleno | C26: 1.3 | D26: 34.1 | E26: =+C26*D26 -> 44.33 | F26: 1300 | G26: =+F26*E26 -> 57629
G30: Sub-Total | H30: =SUM(G26:G29) -> 57629
A31: IV. MANO DE OBRA
A32: Trabajador | C32: Jornal | D32: Prestaciones | E32: Jornal Total | F32: Rendimiento | G32: Valor-Unit.
A33: Obreros (2) | C33: =+E33/D33 -> 58520 | D33: 1.85 | E33: 108262 | F33: 100 | G33: =+E33/F33 -> 1082.62
G39: Sub-Total | H39: =SUM(G33:G38) -> 1082.62
E41: Total Costo Directo | H41: =H15+H23+H30+H39 -> #REF!
K42: 360

Sheet 630.4
A1: ANÁLISIS DE PRECIOS UNITARIOS | D1: MEJORAMIENTO DE A VÍA QUE CONDUCE DE CABECERA MUNICIPAL HACIA EL CASERÍO "GAMBOTE" DEL CORREGIMIENTO DE " LA CULEBRA" EN EL MUNICIPIO DE COTORRA DEPARTAMENTO DE CÓRDOBA
A5: CARRETERA : | E5: ITEM | F5: 630.4 | G5: ESPECIFICACIÓN: | H5: 630-2013
A6: ITEM: | B6: CONCRETO RESISTENCIA 21MPA (D) | G6: UNIDAD : | H6: m3
A8: I. EQUIPO
A9: Descripción | D9: Tipo | E9: Tarifa/Hora | F9: Rendimiento | G9: Valor-Unit.
A10: Aspersor manual | E10: =#REF! -> #REF! | F10: 35 | G10: =+E10/F10 -> #REF!
A11: Vibrador de concreto, motor de 3hp a 18.000 rpm manguera de 4mt | E11: =+#REF! -> #REF! | F11: 35 | G11: =+E11/F11 -> #REF!
A12: HERRAMIENTA MENOR (5%) | G12: =+H41*0.05 -> 124.02136
G17: Sub-Total | H17: =SUM(G10:G16) -> #REF!
A18: II. MATERIALES EN OBRA
A19: Descripción | D19: Unidad | E19: Precio-Unit. | F19: Cantidad | G19: Valor-Unit.
A20: Concreto Resistencia 21(Mpa) | D20: m3 | E20: =#REF! -> #REF! | F20: 1.05 | G20: =+E20*F20 -> #REF!
A21: Antisol blanco (presentacion 20 Kg) | D21: Kg | E21: =+#REF! -> #REF! | F21: 1.05 | G21: =+E21*F21 -> #REF!
A22: Formaleta (Gaviones, juntas de bordillos, juntas de cunetas, muros, concretos clase D,E,F Y G) | D22: m2 | E22: =+#REF! -> #REF! | F22: 7.7675496 | G22: =+E22*F22 -> #REF!
G25: Sub-Total | H25: =SUM(G20:G24) -> #REF!
A26: III. TRANSPORTES
A27: Material | C27: Vol-peso ó Cant. | D27: Distancia | E27: M3-Km | F27: Tarifa | G27: Valor-Unit.
A28: TRANSPORTE DEL CONCRETO | C28: 1.1 | D28: 53 | E28: =+C28*D28 -> 58.3 | F28: 1350 | G28: =+F28*E28 -> 78705
G32: Sub-Total | H32: =SUM(G28:G31) -> 78705
A33: IV. MANO DE OBRA
A34: Trabajador | C34: Jornal | D34: Prestaciones | E34: Jornal Total | F34: Rendimiento | G34: Valor-Unit.
A35: OBREROS (8) | C35: 33125 | D35: 1.85 | E35: =+C35*D35*8 -> 490250 | F35: 280 | G35: =+E35/F35 -> 1750.8929
A36: OFICIAL(2) | C36: 55208 | D36: 1.85 | E36: =+C36*D36*2 -> 204269.6 | F36: 280 | G36: =+E36/F36 -> 729.53429
G41: Sub-Total | H41: =SUM(G35:G40) -> 2480.4271
E43: Total Costo Directo | H43: =H17+H25+H32+H41 -> #REF!

Sheet 671.3
A1: ANÁLISIS DE PRECIOS UNITARIOS | D1: MEJORAMIENTO DE A VÍA QUE CONDUCE DE CABECERA MUNICIPAL HACIA EL CASERÍO "GAMBOTE" DEL CORREGIMIENTO DE " LA CULEBRA" EN EL MUNICIPIO DE COTORRA DEPARTAMENTO DE CÓRDOBA
A5: CARRETERA : | E5: ITEM | F5: 671.3 | G5: ESPECIFICACIÓN: | H5: 671-13P
A6: ITEM: | B6: Cuneta de Concreto Vaciada In Situ; Incluye la conformacion de la superficie de apoyo | G6: UNIDAD : | H6: m3
A8: I. EQUIPO
A9: Descripción | D9: Tipo | E9: Tarifa/Hora | F9: Rendimiento | G9: Valor-Unit.
A10: Compactadora Manual vibratorio (rana) Con motor de 6 HP | E10: =+#REF! -> #REF! | F10: 0.5 | G10: =+E10/F10 -> #REF!
A12: Herramienta menor (5%MO) | G12: =+H40*5% -> 1693.7831
G16: Sub-Total | H16: =SUM(G10:G15) -> #REF!
A17: II. MATERIALES EN OBRA
A18: Descripción | D18: Unidad | E18: Precio-Unit. | F18: Cantidad | G18: Valor-Unit.
A19: Material seleccionado para Relleno | D19: m3 | E19: =+#REF! -> #REF! | F19: 1.05 | G19: =+F19*E19 -> #REF!
A20: Cemento asfaltico 60-70 | D20: kg | E20: =+#REF! -> #REF! | F20: 0.8 | G20: =+F20*E20 -> #REF!
A21: Concreto Resistencia 21 Mpa | D21: m3 | E21: =#REF! -> #REF! | F21: 1.05 | G21: =+E21*F21 -> #REF!
A22: Formaleta (gaviones, juntas de bordillos, juntas de cunetas, muros, concretos clase D, E, F y G) | D22: m2 | E22: =+#REF! -> #REF! | F22: 1 | G22: =+E22*F22 -> #REF!
G24: Sub-Total | H24: =SUM(G19:G23) -> #REF!
A25: III. TRANSPORTES
A26: Material | C26: Vol-peso ó Cant. | D26: Distancia | E26: M3-Km | F26: Tarifa | G26: Valor-Unit.
A27: Transporte de concreto | C27: 1.1 | D27: 53 | E27: =+C27*D27 -> 58.3 | F27: 1350 | G27: =+F27*E27 -> 78705
A28: Trnasporte de material seleccionado para rreleno | C28: 1 | D28: 33 | E28: =+C28*D28 -> 33 | F28: 1350 | G28: =+F28*E28 -> 44550
G31: Sub-Total | H31: =SUM(G27:G30) -> 123255
A32: IV. MANO DE OBRA
A33: Trabajador | C33: Jornal | D33: Prestaciones | E33: Jornal Total | F33: Rendimiento | G33: Valor-Unit.
A34: Obreros (5) | C34: 33125 | D34: 1.85 | E34: =+C34*D34*5 -> 306406.25 | F34: 12.060016 | G34: =+E34/F34 -> 25406.785
A35: Oficial | C35: 55208 | D35: 1.85 | E35: =+C35*D35 -> 102134.8 | F35: 12.060016 | G35: =+E35/F35 -> 8468.8773
G40: Sub-Total | H40: =SUM(G34:G39) -> 33875.663
E42: Total Costo Directo | H42: =H16+H24+H31+H40 -> #REF!

Sheet  630.7
A1: ANÁLISIS DE PRECIOS UNITARIOS | D1: ='201.7'!D1:H3 -> MEJORAMIENTO DE A VÍA QUE CONDUCE DE CABECERA MUNICIPAL HACIA EL CASERÍO "GAMBOTE" DEL CORREGIMIENTO DE " LA CULEBRA" EN EL MUNICIPIO DE COTORRA DEPARTAMENTO DE CÓRDOBA
A5: CARRETERA : | E5: ITEM | F5: 630.7 | G5: ESPECIFICACIÓN: | H5: 630-13
A6: ITEM: | B6: CONCRETO RESISTENCIA 14 MPA (G) (CICLOPEO) | G6: UNIDAD : | H6: m3
A8: I. EQUIPO
A9: Descripción | D9: Tipo | E9: Tarifa/Hora | F9: Rendimiento | G9: Valor-Unit.
A10: Mezcladora de concreto 1 bulto | E10: =#REF! -> #REF! | F10: 1 | G10: =+E10/F10 -> #REF!
A13: Herramienta menor (5%MO) | G13: =+H42*5% -> 53.605747
G15: Sub-Total | H15: =SUM(G10:G14) -> #REF!
A16: II. MATERIALES EN OBRA
A17: Descripción | D17: Unidad | E17: Precio-Unit. | F17: Cantidad | G17: Valor-Unit.
A18: Agregado para concreto hidráulico | D18: m3 | E18: =#REF! -> #REF! | F18: 0.504 | G18: =+E18*F18 -> #REF!
A19: Agua | D19: lt | E19: =#REF! -> #REF! | F19: 111 | G19: =+E19*F19 -> #REF!
A20: Piedra para concreto ciclópeo (rajón o canto rodado) | D20: m3 | E20: =#REF! -> #REF! | F20: 0.4 | G20: =+E20*F20 -> #REF!
A21: Arena lavada | D21: m3 | E21: =#REF! -> #REF! | F21: 0.378 | G21: =+E21*F21 -> #REF!
A22: Cemento gris | D22: kg | E22: =#REF! -> #REF! | F22: 156 | G22: =+E22*F22 -> #REF!
G26: Sub-Total | H26: =SUM(G18:G25) -> #REF!
A27: III. TRANSPORTES
A28: Material | C28: Vol-peso ó Cant. | D28: Distancia | E28: M3-Km | F28: Tarifa | G28: Valor-Unit.
A29: Transporte de arena | C29: 1.3 | D29: 34.1 | E29: =+C29*D29 -> 44.33 | F29: 1350 | G29: =+F29*E29 -> 59845.5
A30: Transporte de material triturado | C30: 1.3 | D30: 34.1 | E30: =+C30*D30 -> 44.33 | F30: 1350 | G30: =+F30*E30 -> 59845.5
A31: Transporte de piedra para Ciclópeo | C31: 1.3 | D31: 34.1 | E31: =+C31*D31 -> 44.33 | F31: 1350 | G31: =+F31*E31 -> 59845.5
G33: Sub-Total | H33: =SUM(G29:G32) -> 179536.5
A34: IV. MANO DE OBRA
A35: Trabajador | C35: Jornal | D35: Prestaciones | E35: Jornal Total | F35: Rendimiento | G35: Valor-Unit.
A36: Obrero (6) | C36: =+E36/D36 -> 29260 | D36: 1.85 | E36: 54131 | F36: 150 | G36: =+E36/F36 -> 360.87333
A37: Oficial | C37: =+E37/D37 -> 57668.238 | D37: 1.85 | E37: 106686.24 | F37: 150 | G37: =+E37/F37 -> 711.2416
G42: Sub-Total | H42: =SUM(G36:G41) -> 1072.1149
E44: Total Costo Directo | H44: =H15+H26+H33+H42 -> #REF!
K45: 360

Sheet 661.1
A1: ANÁLISIS DE PRECIOS UNITARIOS | D1: =' 630.7'!D1:H3 -> MEJORAMIENTO DE A VÍA QUE CONDUCE DE CABECERA MUNICIPAL HACIA EL CASERÍO "GAMBOTE" DEL CORREGIMIENTO DE " LA CULEBRA" EN EL MUNICIPIO DE COTORRA DEPARTAMENTO DE CÓRDOBA
A5: CARRETERA : | E5: ÍTEM | F5: 661.1 | G5: ESPECIFICACIÓN: | H5: 661-13 | J5: PRESUPUESTO
A6: ÍTEM: | B6: TUBERÍA DE CONCRETO REFORZADO CLASE D DE 900 MM DE DIÁMETRO INTERIOR | G6: UNIDAD : | H6: m
A8: I. EQUIPO
A9: Descripción | D9: Tipo | E9: Tarifa/Hora | F9: Rendimiento | G9: Valor-Unit.
A10: Retroexcavadora A25C | E10: =#REF! -> #REF! | F10: 3 | G10: =+E10/F10 -> #REF!
A12: Herramienta menor (5%MO) | G12: =+H40*5% -> 723.45792
G16: Sub-Total | H16: =SUM(G10:G15) -> #REF!
A17: II. MATERIALES EN OBRA
A18: Descripción | D18: Unidad | E18: Precio-Unit. | F18: Cantidad | G18: Valor-Unit.
A19: Mortero 1:3 Para Anillos | D19: m3 | E19: =#REF! -> #REF! | F19: 0.02 | G19: =+F19*E19 -> #REF!
A20: Material para solado y atraque | D20: m3 | E20: =#REF! -> #REF! | F20: 0.46 | G20: =+F20*E20 -> #REF!
A21: Tubo concreto reforzado 900mm (tipo 1) | D21: m | E21: =#REF! -> #REF! | F21: 1 | G21: =+E21*F21 -> #REF!
G24: Sub-Total | H24: =SUM(G19:G23) -> #REF!
A25: III. TRANSPORTES
A26: Material | C26: Vol-peso ó Cant. | D26: Distancia | E26: M3-Km | F26: Tarifa | G26: Valor-Unit.
A27: Transporte de tubería de concreto Reforzado | C27: 0.007 | D27: 53 | E27: =C27*D27 -> 0.371 | F27: 471.17024 | G27: =+F27*E27 -> 174.80416
A28: transporte de Material de Solado y Atraque Tubería de concreto reforzado | C28: 0.01 | D28: 53 | E28: =D28*C28 -> 0.53 | F28: 1242.4075 | G28: =+F28*E28 -> 658.47596
G31: Sub-Total | H31: =SUM(G27:G30) -> 833.28012
A32: IV. MANO DE OBRA
A33: Trabajador | C33: Jornal | D33: Prestaciones | E33: Jornal Total | F33: Rendimiento | G33: Valor-Unit.
A34: Obreros (4) | C34: 33125 | D34: 1.85 | E34: =+C34*D34*4 -> 245125 | F34: 24 | G34: =+E34/F34 -> 10213.542
A35: Oficial | C35: 55208 | D35: 1.85 | E35: =+C35*D35 -> 102134.8 | F35: 24 | G35: =+E35/F35 -> 4255.6167
G40: Sub-Total | H40: =SUM(G34:G39) -> 14469.158
E42: Total Costo Directo | H42: =H16+H24+H31+H40 -> #REF!

Sheet 673.1.1
A1: ANÁLISIS DE PRECIOS UNITARIOS | D1: =' 630.7'!D1:H3 -> MEJORAMIENTO DE A VÍA QUE CONDUCE DE CABECERA MUNICIPAL HACIA EL CASERÍO "GAMBOTE" DEL CORREGIMIENTO DE " LA CULEBRA" EN EL MUNICIPIO DE COTORRA DEPARTAMENTO DE CÓRDOBA
A5: CARRETERA : | E5: ÍTEM | F5: 673.1.1 | G5: ESPECIFICACIÓN: | H5: 673-2013
A6: ÍTEM: | B6: GEOTEXTIL NT 2500 O SIMILAR NO TEJIDO | G6: UNIDAD : | H6: m2
A8: I. EQUIPO
A9: Descripción | D9: Tipo | E9: Tarifa/Hora | F9: Rendimiento | G9: Valor-Unit.
A10: HERRAMIENTA MENOR (5% MANO DE OBRA) | G10: =+H40*0.05 -> 25.533854
G17: Sub-Total | H17: =SUM(G10:G16) -> 25.533854
A18: II. MATERIALES EN OBRA
A19: Descripción | D19: Unidad | E19: Precio-Unit. | F19: Cantidad | G19: Valor-Unit.
A20: Geotextil Nt - 2500 o similar (proveedores, Pavco, Geomatrix, Tensar, Omnes u otros) | D20: m2 | E20: =#REF! -> #REF! | F20: 1.1 | G20: =+F20*E20 -> #REF!
G24: Sub-Total | H24: =SUM(G20:G23) -> #REF!
A25: III. TRANSPORTES
A26: Material | C26: Vol-peso ó Cant. | D26: Distancia | E26: M3-Km | F26: Tarifa | G26: Valor-Unit.
G31: Sub-Total | H31: =SUM(G27:G30) -> 0
A32: IV. MANO DE OBRA
A33: Trabajador | C33: Jornal | D33: Prestaciones | E33: Jornal Total | F33: Rendimiento | G33: Valor-Unit.
A34: OBREROS (2) | C34: 33125 | D34: 1.85 | E34: =+C34*D34*2 -> 122562.5 | F34: 240 | G34: =+E34/F34 -> 510.67708
G40: Sub-Total | H40: =SUM(G34:G39) -> 510.67708
E42: Total Costo Directo | H42: =H17+H24+H31+H40 -> #REF!

Sheet 663.1
A1: ANÁLISIS DE PRECIOS UNITARIOS | D1: ='661.1'!D1:H3 -> MEJORAMIENTO DE A VÍA QUE CONDUCE DE CABECERA MUNICIPAL HACIA EL CASERÍO "GAMBOTE" DEL CORREGIMIENTO DE " LA CULEBRA" EN EL MUNICIPIO DE COTORRA DEPARTAMENTO DE CÓRDOBA
A5: CARRETERA : | E5: ÍTEM | F5: 663.1 | G5: ESPECIFICACIÓN: | H5: 663-2013
A6: ÍTEM: | B6: TUBERÍA DE PLÁSTICO TIPO PE, NORMA ASTM F 894, DE DIÁMETRO 100 MM | G6: UNIDAD : | H6: ml
A8: I. EQUIPO
A9: Descripción | D9: Tipo | E9: Tarifa/Hora | F9: Rendimiento | G9: Valor-Unit.
A10: HERRAMIENTA MENOR (5% MANO DE OBRA) | G10: =+H40*0.05 -> 142.98927
G17: Sub-Total | H17: =SUM(G10:G16) -> 142.98927
A18: II. MATERIALES EN OBRA
A19: Descripción | D19: Unidad | E19: Precio-Unit. | F19: Cantidad | G19: Valor-Unit.
A20: Tubería perforada PVC de 100 mm | D20: m | E20: =#REF! -> #REF! | F20: 1 | G20: =+F20*E20 -> #REF!
G24: Sub-Total | H24: =SUM(G20:G23) -> #REF!
A25: III. TRANSPORTES
A26: Material | C26: Vol-peso ó Cant. | D26: Distancia | E26: M3-Km | F26: Tarifa | G26: Valor-Unit.
G31: Sub-Total | H31: =SUM(G27:G30) -> 0
A32: IV. MANO DE OBRA
A33: Trabajador | C33: Jornal | D33: Prestaciones | E33: Jornal Total | F33: Rendimiento | G33: Valor-Unit.
A34: OBREROS (3) | C34: 33125 | D34: 1.85 | E34: =+C34*D34*3 -> 183843.75 | F34: 100 | G34: =+E34/F34 -> 1838.4375
A35: Oficial | C35: 55208 | D35: 1.85 | E35: =+C35*D35 -> 102134.8 | F35: 100 | G35: =+E35/F35 -> 1021.348
G40: Sub-Total | H40: =SUM(G34:G39) -> 2859.7855
E42: Total Costo Directo | H42: =H17+H24+H31+H40 -> #REF!

Sheet 673.2
A1: ANÁLISIS DE PRECIOS UNITARIOS | D1: ='673.1.1'!D1:H3 -> MEJORAMIENTO DE A VÍA QUE CONDUCE DE CABECERA MUNICIPAL HACIA EL CASERÍO "GAMBOTE" DEL CORREGIMIENTO DE " LA CULEBRA" EN EL MUNICIPIO DE COTORRA DEPARTAMENTO DE CÓRDOBA
A5: CARRETERA : | E5: ÍTEM | F5: 673.2 | G5: ESPECIFICACIÓN: | H5: 673-2013
A6: ÍTEM: | B6: MATERIAL GRANULAR DRENANTE | G6: UNIDAD : | H6: m3
A8: I. EQUIPO
A9: Descripción | D9: Tipo | E9: Tarifa/Hora | F9: Rendimiento | G9: Valor-Unit.
A10: HERRAMIENTA MENOR (5% MANO DE OBRA) | G10: =+H40*0.05 -> 367.6875
G17: Sub-Total | H17: =SUM(G10:G16) -> 367.6875
A18: II. MATERIALES EN OBRA
A19: Descripción | D19: Unidad | E19: Precio-Unit. | F19: Cantidad | G19: Valor-Unit.
A20: Material drenante (3") | D20: m3 | E20: =#REF! -> #REF! | F20: 1.1 | G20: =+F20*E20 -> #REF!
G24: Sub-Total | H24: =SUM(G20:G23) -> #REF!
A25: III. TRANSPORTES
A26: Material | C26: Vol-peso ó Cant. | D26: Distancia | E26: M3-Km | F26: Tarifa | G26: Valor-Unit.
A27: Transporte de Material drenante | C27: 1.1 | D27: 34.1 | E27: =+C27*D27 -> 37.51 | F27: 1380 | G27: =+E27*F27 -> 51763.8
G31: Sub-Total | H31: =SUM(G27:G30) -> 51763.8
A32: IV. MANO DE OBRA
A33: Trabajador | C33: Jornal | D33: Prestaciones | E33: Jornal Total | F33: Rendimiento | G33: Valor-Unit.
A34: OBREROS (3) | C34: 33125 | D34: 1.85 | E34: =+C34*D34*3 -> 183843.75 | F34: 25 | G34: =+E34/F34 -> 7353.75
G40: Sub-Total | H40: =SUM(G34:G39) -> 7353.75
E42: Total Costo Directo | H42: =H17+H24+H31+H40 -> #REF!

Sheet 201.7
A1: ANÁLISIS DE PRECIOS UNITARIOS | D1: MEJORAMIENTO DE A VÍA QUE CONDUCE DE CABECERA MUNICIPAL HACIA EL CASERÍO "GAMBOTE" DEL CORREGIMIENTO DE " LA CULEBRA" EN EL MUNICIPIO DE COTORRA DEPARTAMENTO DE CÓRDOBA
A5: CARRETERA : | E5: ITEM | F5: 201.7 | G5: ESPECIFICACIÓN: | H5: 201-13
A6: ITEM: | B6: DEMOLICION DE ESTRUCTURAS EXISTENTES | G6: UNIDAD : | H6: m3
A8: I. EQUIPO
A9: Descripción | D9: Tipo | E9: Tarifa/Hora | F9: Rendimiento | G9: Valor-Unit.
A10: Retroexcavadora sobre oruga, potencia 138 HP, balde de 1,5 m3. | E10: =#REF! -> #REF! | F10: 2.5 | G10: =+E10/F10 -> #REF!
A11: Compresor 120 HP, con martillo. | E11: =#REF! -> #REF! | F11: 2.5 | G11: =+E11/F11 -> #REF!
A12: Equipo de oxicorte, Capacidad de corte: hasta 6´´ (152mm) | E12: =#REF! -> #REF! | F12: 2.5 | G12: =E12/F12 -> #REF!
A13: HERRAMIENTA MENOR (5%) | G13: =+H41*0.05 -> 57.19571
G17: Sub-Total | H17: =SUM(G10:G16) -> #REF!
A18: II. MATERIALES EN OBRA
A19: Descripción | D19: Unidad | E19: Precio-Unit. | F19: Cantidad | G19: Valor-Unit.
G20: =+E20*F20 -> 0
G25: Sub-Total | H25: =SUM(G20:G24) -> 0
A26: III. TRANSPORTES
A27: Material | C27: Vol-peso ó Cant. | D27: Distancia | E27: M3-Km | F27: Tarifa | G27: Valor-Unit.
A28: Transporte de material de demolición | C28: 1.4 | D28: 15 | E28: =+C28*D28 -> 21 | F28: 1350 | G28: =+F28*E28 -> 28350
G32: Sub-Total | H32: =SUM(G28:G31) -> 28350
A33: IV. MANO DE OBRA
A34: Trabajador | C34: Jornal | D34: Prestaciones | E34: Jornal Total | F34: Rendimiento | G34: Valor-Unit.
A35: OBREROS (3) | C35: 33125 | D35: 1.85 | E35: =+C35*D35*3 -> 183843.75 | F35: 250 | G35: =+E35/F35 -> 735.375
A36: OFICIAL | C36: 55208 | D36: 1.85 | E36: =+C36*D36 -> 102134.8 | F36: 250 | G36: =+E36/F36 -> 408.5392
G41: Sub-Total | H41: =SUM(G35:G40) -> 1143.9142
E43: Total Costo Directo | H43: =H17+H25+H32+H41 -> #REF!

Sheet 1
A1: ANÁLISIS DE PRECIOS UNITARIOS | D1: MEJORAMIENTO DE A VÍA QUE CONDUCE DE CABECERA MUNICIPAL HACIA EL CASERÍO "GAMBOTE" DEL CORREGIMIENTO DE " LA CULEBRA" EN EL MUNICIPIO DE COTORRA DEPARTAMENTO DE CÓRDOBA
A5: CARRETERA : | E5: ITEM | F5: 630.4 | G5: ESPECIFICACIÓN: | H5: 630-2013
A6: ITEM: | B6: REJILLA METALICA PARA CARCAMO | G6: UNIDAD : | H6: m3
A8: I. EQUIPO
A9: Descripción | D9: Tipo | E9: Tarifa/Hora | F9: Rendimiento | G9: Valor-Unit.
A12: HERRAMIENTA MENOR (5%) | G12: =+H41*0.05 -> 29.181438
G17: Sub-Total | H17: =SUM(G10:G16) -> 29.181438
A18: II. MATERIALES EN OBRA
A19: Descripción | D19: Unidad | E19: Precio-Unit. | F19: Cantidad | G19: Valor-Unit.
A20: Rejilla metalica | D20: m | E20: 948620 | F20: 1 | G20: =+E20*F20 -> 948620
G25: Sub-Total | H25: =SUM(G20:G24) -> 948620
A26: III. TRANSPORTES
A27: Material | C27: Vol-peso ó Cant. | D27: Distancia | E27: M3-Km | F27: Tarifa | G27: Valor-Unit.
G32: Sub-Total | H32: =SUM(G28:G31) -> 0
A33: IV. MANO DE OBRA
A34: Trabajador | C34: Jornal | D34: Prestaciones | E34: Jornal Total | F34: Rendimiento | G34: Valor-Unit.
A35: OBREROS (2) | C35: 33125 | D35: 1.85 | E35: =+C35*D35 -> 61281.25 | F35: 280 | G35: =+E35/F35 -> 218.86161
A36: OFICIAL | C36: 55208 | D36: 1.85 | E36: =+C36*D36 -> 102134.8 | F36: 280 | G36: =+E36/F36 -> 364.76714
G41: Sub-Total | H41: =SUM(G35:G40) -> 583.62875
E43: Total Costo Directo | H43: =H17+H25+H32+H41 -> 949232.81

Sheet 2
A1: ANÁLISIS DE PRECIOS UNITARIOS | D1: =#REF! -> #REF!
A5: CARRETERA : | E5: ÍTEM | F5: 2.1 | G5: ESPECIFICACIÓN: | H5: 2
A6: ÍTEM: | B6: TUBERIA NOVAFORT 8'' - DESCARGA AGUAS LLUVIAS | G6: UNIDAD : | H6: m
A8: I. EQUIPO
A9: Descripción | D9: Tipo | E9: Tarifa/Hora | F9: Rendimiento | G9: Valor-Unit.
A10: COMPACTADOR MANUAL VIBRATORIO (RANA) con motor 6 HP | E10: =#REF! -> #REF! | F10: 37.5 | G10: =+E10/F10 -> #REF!
A11: Retroexcavadora sobre llantas | E11: =#REF! -> #REF! | F11: 100 | G11: =+E11/F11 -> #REF!
A12: Herramienta menor | G12: =5%*H38 -> 112.34865
G16: Sub-Total | H16: =SUM(G10:G15) -> #REF!
A17: II. MATERIALES EN OBRA
A18: Descripción | D18: Unidad | E18: Precio-Unit. | F18: Cantidad | G18: Valor-Unit.
A19: Tuberia Novafort Diametro 8" | D19: m | E19: =#REF! -> #REF! | F19: 1.05 | G19: =+E19*F19 -> #REF!
A20: Arena de soporte (media) | D20: m3 | E20: =#REF! -> #REF! | F20: 0.065 | G20: =+E20*F20 -> #REF!
G23: Sub-Total | H23: =SUM(G19:G22) -> #REF!
A24: III. TRANSPORTES
A25: Material | C25: Vol-peso o Cant. | D25: Distancia | E25: M3-Km | F25: Tarifa | G25: Valor-Unit.
A26: Transporte de tuberia | C26: =+F19 -> 1.05 | D26: 5 | E26: =+C26*D26 -> 5.25 | F26: 21 | G26: =+F26*E26 -> 110.25
A27: Transporte de arena | C27: =+F20 -> 0.065 | D27: 34.1 | E27: =+C27*D27 -> 2.2165 | F27: 1400 | G27: =+F27*E27 -> 3103.1
G29: Sub-Total | H29: =SUM(G26:G28) -> 3213.35
A30: IV. MANO DE OBRA
A31: Trabajador | C31: Jornal | D31: Prestaciones | E31: Jornal Total | F31: Rendimiento | G31: Valor-Unit.
A32: OBREROS (2) | C32: 33125 | D32: 1.85 | E32: =+C32*D32*2 -> 122562.5 | F32: 100 | G32: =+E32/F32 -> 1225.625
A33: OFICIAL | C33: 55208 | D33: 1.85 | E33: =+C33*D33 -> 102134.8 | F33: 100 | G33: =+E33/F33 -> 1021.348
G38: Sub-Total | H38: =SUM(G32:G37) -> 2246.973
E40: Total Costo Directo | H40: =H16+H23+H29+H38 -> #REF!

Sheet presupuesto ambiental 
A1: c
B4: 2. COSTOS DE ACTIVIDADES AMBIENTALES DEL CONTRATO DE OBRA
B7: CODIGO / FICHA | D7: NOMBRE DEL INSUMO O ITEM | H7: CONDICIONES PROYECTADAS
D8: PROGRAMA | E8: PROYECTO | F8: ACTIVIDAD | H8: CANTIDAD | I8: UNIDAD | J8: VR. UNITARIO BASICO (sin IVA) ($) | K8: VR. TOTAL ($)
B10: DAGA-1.1-01 | D10: DESARROLLO Y APLICACIÓN DE LA GESTIÓN AMBIENTAL | E10: Conformación grupo de gestión ambiental | F10: Conformación grupo ambiental | H10: 1 | I10: Unidad | J10: 4000000 | K10: =+H10*J10 -> 4000000
B11: DAGA 1.2 02 | E11: Capacitación ambiental y de seguridad personal en obra | F11: Capacitación | H11: 6 | I11: Mes | J11: 1083333.3 | K11: =+H11*J11 -> 6500000
B12: DAGA1.3 03 | E12: Cumplimiento requerimientos legales. | F12: Gestión y verificación | H12: 6 | I12: Mes | J12: 750000 | K12: =+H12*J12 -> 4500000
B13: PAC-2.1-04 | D13: Programa actividades constructivas (manejo de residuos y compensación ambiental) | E13: Proyecto de manejo integral de materiales De construcción. | F13: Manejo integral de materiales De construcción | H13: 1 | I13: GL | J13: 6500000 | K13: =+H13*J13 -> 6500000
B14: PAC-2.3-06 | E14: Señalización de frentes de obra y sitios temporales | F14: Instalación de cintas y vallas para señalización | H14: 1 | I14: GL | J14: 4500000 | K14: =+H14*J14 -> 4500000
B15: PAC-2.5-08 | E15: Manejo de residuos sólidos convencionales | F15: Instalación de tanques marcados y recolección de residuos sólidos | H15: 4 | I15: Unidad | J15: 925000 | K15: =+H15*J15 -> 3700000
B16: PMIT-5.3-17 | D16: Manejo de instalaciones temporales de maquinaria | E16: Proyecto de manejo de maquinaria, equipos y Vehículos. | F16: Manejo de maquinaria, equipos y vehículos | H16: 1 | I16: GL | J16: 4500000 | K16: =+H16*J16 -> 4500000
B18: PGS-6.1-18 | D18: Programas de Gestión Social. | E18: Proyecto de Atención a la Comunidad. | F18: Punto de atención a la comunidad. | H18: 6 | I18: MES | J18: 666666.67 | K18: =+H18*J18 -> 4000000
K21: =SUM(K10:K20) -> 38200000
